Map: Winter's Gate LE

Players

lovexin - Winner!

  • Race: Protoss Protoss
  • League: Diamond
  • Spawn Location: 5:00

Jeremy

  • Race: Terran Terran
  • League: Master
  • Spawn Location: 11:00

VOD

Have the link to the VOD?

Description

Time

  • Played on: Nov. 25, 2019, 5:03 p.m.
  • Length: 3:14
Show
View Real Time Build Order
Export as new Build Order

lovexin Protoss - Winner!

Build Orders:  

Get SALT Encoding   

  12  0:00  Probe  
  13  0:13  Probe  
  14  0:19  Pylon  
  14  0:25  Probe (Chrono Boost)  
  15  0:38  Probe (Chrono Boost), Gateway  
  16  0:46  Probe (Chrono Boost)  
  16  0:47  Assimilator  
  17  0:52  Probe  
  18  1:04  Probe  
  19  1:17  Probe  
  20  1:31  Assimilator  
  20  1:33  Gateway  
  20  1:34  Cybernetics Core  
  20  1:35  Probe  
  21  1:40  Zealot  
  21  1:45  Assimilator  
  23  1:47  Pylon  
  23  2:05  Probe  
  24  2:12  Stalker (Chrono Boost)  
  26  2:17  Probe  
  27  2:29  Probe  
  30  2:31  Stalker (Chrono Boost)  
  30  2:39  Pylon  
  28  2:46  Stalker (Chrono Boost)  
  30  3:02  Probe, Stargate  
  33  3:13  Pylon  
Show
View Real Time Build Order
Export as new Build Order

Jeremy Terran 

Build Orders:  

Get SALT Encoding   

  12  0:00  SCV  
  13  0:13  SCV  
  14  0:19  Supply Depot  
  14  0:26  Refinery  
  14  0:30  SCV  
  15  0:53  Barracks  
  15  1:04  Barracks  
  15  1:21  Barracks  
  15  1:28  SCV  
  16  1:41  Reaper  
  17  1:48  SCV  
  17  1:52  Reaper  
  19  2:13  Reaper  
  20  2:16  Orbital Command  
  20  2:24  Reaper  
Tags
 
Add a new tag
Caveats
  • Supply blocks, unpowered buildings, or Contaminate may cause inaccurate times.
  • Supply counts are checked every 10 seconds.